 Dungeon Crawl Stone Soup version 0.23-a0-204-g3eb00d1601 (webtiles) character file.

8 ICC the Charmwright (level 2, -1/15 HPs)
             Began as a Vine Stalker Skald on Sept 24, 2018.
             Slain by a scorpion (3 damage)
             ... on level 4 of the Dungeon.
             The game lasted 00:02:18 (366 turns).

ICC the Charmwright (Vine Stalker Skald)             Turns: 366, Time: 00:02:18

Health: -1/15      AC:  3    Str: 13    XL:     2   Next: 8%
Magic:  0/15       EV: 11    Int: 13    God:
Gold:   26         SH:  0    Dex: 13    Spells: 0/5 levels left

rFire    . . .     SeeInvis .   a - +0 short sword
rCold    . . .     Gourm    .   (no shield)
rNeg     . . .     Faith    .   b - +0 leather armour
rPois    .         Spirit   +   (no helmet)
rElec    .         Reflect  .   (no cloak)
rCorr    .         Harm     .   (no gloves)
MR       .....                  (no boots)
Stlth    +.........             (no amulet)
HPRegen  0.05/turn              h - ring of magical power
MPRegen  0.14/turn              (no ring)

@: lethally poisoned (-1 -> -11), infused
A: fangs 2, magic shield, antimagic bite, no potion heal 3, rot immunity
a: no special abilities


You were on level 4 of the Dungeon.
You were not hungry.

You visited 1 branch of the dungeon, and saw 4 of its levels.

You collected 26 gold pieces.

Inventory:

Hand Weapons
 a - a +0 short sword (weapon)
Armour
 b - a +0 leather armour (worn)
Jewellery
 h - a ring of magical power (left hand)
Scrolls
 c - 5 scrolls of identify {unknown}
 e - a scroll of teleportation {unknown}
 f - a scroll of fog {unknown}
 g - a scroll of blinking {unknown}
 j - a scroll of immolation {unknown}
Comestibles
 d - 3 rations
 i - a chunk of flesh


   Skills:
 + Level 1.9 Fighting
 + Level 1.7 Short Blades
 + Level 0.7 Armour
 + Level 1.5 Dodging
 + Level 2.2 Spellcasting
 + Level 3.4 Charms


You couldn't memorise any spells.
You knew the following spells:

 Your Spells              Type           Power        Failure   Level  Hunger
a - Infusion              Chrm           ##..         8%          1    ##.....
b - Song of Slaying       Chrm           ##......     12%         2    ###....
c - Shroud of Golubria    Chrm/Tloc      #.........   24%         2    ###....

Your spell library contained the following spells:

 Spells                   Type           Power        Failure   Level  Hunger
 Confusing Touch          Hex            #.....       32%         1    ##.....
 Regeneration             Chrm/Necr      #.........   43%         3    ####...
 Spectral Weapon          Hex/Chrm       #.......     43%         3    ####...
 Confuse                  Hex            #.......     67%         3    ####...
 Gell's Gravitas          Tloc           #.........   67%         3    ####...
 Petrify                  Tmut/Erth      #.......     97%         4    #####..
 Metabolic Englaciation   Hex/Ice        #.........   100%        5    ######.
 Yara's Violent Unravell  Hex/Tmut       #.........   100%        5    ######.


Dungeon Overview and Level Annotations

Branches:
Dungeon (4/15)
 Temple: D:4-7

Altars:


Innate Abilities, Weirdness & Mutations

You have extremely sharp teeth.
When hurt, damage is shared between your health and your magic reserves.
Your bite disrupts and absorbs the magic of your enemies.
Potions cannot restore your health.
You are immune to rotting.


Message History

The scorpion is heavily wounded.
You feel sick.
The scorpion stings you but does no damage.
You hit the scorpion but do no damage.
You bite the scorpion, but do no damage.
The scorpion is heavily wounded.
You feel sick. The scorpion stings you!
You hit the scorpion. Your bite misses the scorpion.
The scorpion is severely wounded.
* * * LOW HITPOINT WARNING * * *
You feel sick. The scorpion stings you.
* * * LOW HITPOINT WARNING * * *
You hit the scorpion.
The scorpion is severely wounded.
The scorpion barely misses you.
You closely miss the scorpion.
The scorpion is severely wounded.
* * * LOW HITPOINT WARNING * * *
You feel sick. The scorpion stings you!
You die...

####.####
###.#
#...#
#.### #.#
#.# #.#
#.# #@#
#...s.#
#.#####


You could see a scorpion.

Vanquished Creatures
  A ball python (D:3)
  A bat (D:3)
  2 goblins
  A hobgoblin (D:3)
  A quokka skeleton (D:4)
  A rat (D:3)
7 creatures vanquished.

Notes
Turn   | Place    | Note
-------+----------+-------------------------------------------
     0 | D:1      | ICC the Vine Stalker Skald began the quest for the Orb.
     0 | D:1      | Reached XP level 1. HP: 11/11 MP: 4/4
   232 | D:3      | Reached XP level 2. HP: 14/15 MP: 6/6
   316 | D:4      | Learned a level 2 spell: Song of Slaying
   319 | D:4      | Learned a level 2 spell: Shroud of Golubria
   357 | D:4      | Noticed a scorpion
   366 | D:4      | Slain by a scorpion

Vault maps used:
D:1:      elethiomel_arrival_quiet, serial_curves, eino_curves_02,
          eino_curves_01
D:2:      minmay_misc_feat_pillars
D:3:      uniq_crazy_yiuf_cottage, uniq_jessica
D:4:      kennysheep_slug_shrine, minmay_temple_entry_butterflies,
          minmay_misc_feat_square, kennysheep_another_room

Action                   || total
-------------------------++-------
Melee: Short sword       ||    25
       Bite              ||     3
 Cast: Infusion          ||     4
Armor: Leather armour    ||     9
Dodge: Dodged            ||     9

Table legend:
 A = Non-vault XP
 B = Vault XP
 C = Vault XP percentage of total XP
 D = Non-vault monster count
 E = Vault monster count
 F = Vault count percentage of total count
                 A         B        C        D         E       F
            +---------+---------+-------+---------+---------+-------
      Total |      12 |       0 |   0.0 |       7 |       0 |   0.0
            +---------+---------+-------+---------+---------+-------
        D:1 |       2 |       0 |   0.0 |       1 |       0 |   0.0
        D:2 |       2 |       0 |   0.0 |       1 |       0 |   0.0
        D:3 |       7 |       0 |   0.0 |       4 |       0 |   0.0
        D:4 |       1 |       0 |   0.0 |       1 |       0 |   0.0
            +---------+---------+-------+---------+---------+-------
